 Dungeon Sprint DCSS version 0.24.0-13-gcf9b3192b9 (webtiles) character file.

Game seed: 14437542481582106578, levelgen mode: deterministic

7 theswoord the Firebug (level 2, -9/22 HPs)
             Began as a Naga Fire Elementalist on Nov 10, 2019.
             Was an Initiate of Vehumet.
             Hit by a boomerang thrown by a merfolk (14 damage)
             ... in the Dungeon (Sprint V: "Ziggurat Sprint").
             The game lasted 00:02:56 (81 turns).

theswoord the Firebug (Naga Fire Elementalist)        Turns: 81, Time: 00:02:56

Health: -9/22      AC:  1    Str: 10    XL:     2   Next: 0%
Magic:  1/5        EV: 10    Int: 15    God:    Vehumet [......]
Gold:   0          SH:  0    Dex: 11    Spells: 2/5 levels left

rFire    . . .     SeeInvis +   A - staff of energy
rCold    . . .     Gourm    .   (no shield)
rNeg     . . .     Faith    .   a - +0 robe
rPois    +         Spirit   .   (no helmet)
rElec    .         Reflect  .   (no cloak)
rCorr    .         Harm     .   (no gloves)
MR       .....     NoTele   +   (no barding)
Stlth    ++........             (no amulet)
HPRegen  0.07/turn              (no ring)
MPRegen  0.09/turn              (no ring)

@: very slow
A: large, see invisible, deformed body, poison resistance, slowness 2, slow
metabolism 1, spit poison 1, AC +0
a: Spit Poison, Renounce Religion


You were in the Dungeon.
You worshipped Vehumet.
Vehumet was noncommittal.
You were not hungry.

You visited 1 branch

Inventory:

Armour
 a - a +0 robe (worn)
Magical Staves
 A - an uncursed staff of energy (weapon)
Jewellery
 y - a +6 ring of intelligence
 z - a +6 ring of intelligence
Wands
 u - a wand of disintegration (7)
 v - a wand of iceblast (6)
 w - a wand of acid (7)
Scrolls
 i - 4 scrolls of blinking
 o - 4 scrolls of amnesia
 p - 7 scrolls of fog
 q - a scroll of holy word
 r - 5 scrolls of identify
 s - 5 scrolls of remove curse
 t - a scroll of fear
Potions
 b - 2 potions of brilliance
 d - 10 potions of curing
 e - 10 potions of heal wounds
 f - 6 potions of haste
 g - 7 potions of magic
 h - 3 potions of berserk rage
 j - 2 potions of invisibility
 k - 4 potions of resistance
 m - 5 potions of agility
 n - 5 potions of might
Miscellaneous
 x - a lightning rod (4/4)
 B - a crystal ball of energy
Comestibles
 c - 7 rations


   Skills:
 - Level 1.5 Dodging
 - Level 3.0 Stealth
 + Level 2.0 Spellcasting
 + Level 5.2 Conjurations
 + Level 6.0 Fire Magic


You had 2 spell levels left.
You knew the following spells:

 Your Spells              Type           Power        Failure   Level  Hunger
a - Flame Tongue          Conj/Fire      ###..        2%          1    None
b - Throw Flame           Conj/Fire      ###...       3%          2    None

Your spell library contained the following spells:

 Spells                   Type           Power        Failure   Level  Hunger
 Conjure Flame            Conj/Fire      ###.....     7%          3    None
 Inner Flame              Hex/Fire       ##......     19%         3    None
 Sticky Flame             Conj/Fire      ###.....     22%         4    None
 Fireball                 Conj/Fire      ###.......   52%         5    None


Dungeon Overview and Level Annotations

Branches:
Dungeon (1/1)

Altars:
Ashenzari
Cheibriados
Dithmenos
Elyvilon
Fedhas
Gozag
Hepliaklqana
Kikubaaqudgha
Makhleb
Nemelex Xobeh
Okawaru
Qazlal
Ru
Sif Muna
Trog
Uskayaw
Vehumet
Wu Jian
Xom
Yredelemnul
Zin
The Shining One
Beogh
Jiyva
Lugonu

Annotations:
D 1 transporter


Innate Abilities, Weirdness & Mutations

You cannot wear boots.
Your serpentine skin is tough. (AC +0)
You have supernaturally acute eyesight. (SInv)
Armour fits poorly on your strangely shaped body.
Your system is resistant to poisons. (rPois)
You cover ground very slowly.
You have a slow metabolism.
You can spit poison.


Message History

Confirm with . or Enter, or press ? or * to list all spells.
Aiming: Throw Flame (safe; 3% risk of failure)
Press: ? - help, Shift-Dir - straight line, f/p - merfolk
Aim: a merfolk, wielding a +0 trident (lightly wounded, fleeing)
The puff of flame hits the merfolk.
The merfolk is moderately wounded.
Your attack snaps the merfolk out of its fear.
Casting: Throw Flame (safe; 3% risk of failure)
Confirm with . or Enter, or press ? or * to list all spells.
You don't have enough magic to cast that spell.
Okay, then.
Evoke which item? (* to show all) (? for menu, Esc to quit)
Aiming: Iceblast
Press: ? - help, Shift-Dir - straight line, f/p - merfolk
Aim: a merfolk, wielding a +0 trident (moderately wounded)
The mass of ice explodes!
The iceblast engulfs the merfolk!
The merfolk is heavily wounded.
The merfolk throws a boomerang.
The boomerang hits you!
Ouch! That really hurt!
You die...

▓▓▓▓▓▓▓
▓m8m8.▓
▓.....▓
▓.}.=.▓
▓.....▓
▓.....▓
▓..@..▓
▓▓▓▓▓▓▓


You could see 2 merfolk.

Vanquished Creatures (others)
  A spatial maelstrom (D)
1 creature vanquished.

Notes
Turn   | Place    | Note
-------+----------+-------------------------------------------
     0 | D        | theswoord the Naga Fire Elementalist began the quest for
                  | the Orb.
     0 | D        | Reached XP level 1. HP: 15/15 MP: 3/3
     0 | D        | Found a shimmering blue altar of Sif Muna.
     0 | D        | Found a sacrificial altar of Ru.
     0 | D        | Found a bloodstained altar of Trog.
     0 | D        | Found a stormy altar of Qazlal.
     0 | D        | Found an iron altar of Okawaru.
     0 | D        | Found a sparkling altar of Nemelex Xobeh.
     0 | D        | Found a blossoming altar of Fedhas.
     1 | D        | Found the +6 Majin-Bo {vamp, Archmagi MP+6 Int+6}
     1 | D        | Found the +7 great mace "Firestarter" {inner flame, rF++}
     1 | D        | Banished a spatial maelstrom
     2 | D        | Found a transporter.
     2 | D        | Found an ancient bone altar of Kikubaaqudgha.
     2 | D        | Found a viscous altar of Jiyva.
     2 | D        | Found a corrupted altar of Lugonu.
     2 | D        | Found a hazy altar of Hepliaklqana.
     2 | D        | Found a burning altar of Makhleb.
     2 | D        | Found an opulent altar of Gozag.
    35 | D        | Found the +9 heavy crossbow "Sniper" {velocity, Acc+∞ SInv}
    35 | D        | Found the +10 dark maul {crush}
    35 | D        | Found the +15 Maxwell's patent armour {-Cast -Tele rElec
                  | MR+ rCorr}
    35 | D        | Found the +18 shield of the Gong {rElec rN+ MR+ EV-5}
    35 | D        | Found the cursed +14 obsidian axe {chop, +Fly SInv *Curse}
    36 | D        | Found the +6 shillelagh "Devastator" {shatter}
    36 | D        | Found the +11 plutonium sword {*Contam Stlth-}
    36 | D        | Found the +8 lance "Wyrmbane" {slay drac, rPois rF+ rC+
                  | AC+3}
    36 | D        | Found the +9 sword of Zonguldrok {reap}
    36 | D        | Found the cursed +13 scythe of Curses {drain, *Curse}
    36 | D        | Found the +0 sword of Power
    36 | D        | Found the +7 mace of Variability {chain chaos}
    36 | D        | Found the +7 Singing Sword {slice, sonic wave}
    36 | D        | Found the +8 storm bow {elec, penet}
    60 | D        | Became a worshipper of Vehumet
    61 | D        | Reached skill level 5 in Conjurations
    61 | D        | Reached skill level 6 in Fire Magic
    61 | D        | Reached XP level 2. HP: 22/22 MP: 5/5
    65 | D        | Learned a level 2 spell: Throw Flame
    77 | D        | Entered arena 2.
    77 | D        | Noticed a merfolk
    77 | D        | Noticed a merfolk
    77 | D        | Found a transporter.
    81 | D        | Hit by a boomerang thrown by a merfolk

Skill      XL: |  1 |
---------------+----+-----
Conjurations   | 5 |  5.2
Fire Magic     | 6 |  6.0
Dodging        | |  1.5
Stealth        | |  3.0
Spellcasting   | |  2.0

Action                   || total
-------------------------++-------
 Cast: Throw Flame       ||     2
Evoke: Wand              ||     1
  Use: Potion            ||     1
       Scroll            ||     1

Levels and vault maps discovered:
D:        sprint_v [room_start, room_1, room_2, room_3, room_4, room_5, room_6,
          room_7, room_8, room_9, room_10, room_11, room_12, room_13, room_14,
          room_15, room_16, room_17, room_18, room_19, room_20, room_21,
          room_22, room_23, room_24, room_25, room_26, room_27]
